Map: Prion Terraces

Players

LindyHop

  • Race: Zerg Zerg
  • League: Silver

Yui - Winner!

  • Race: Terran Terran
  • League: Diamond

VOD

Have the link to the VOD?

Description

Time

  • Played on: Dec. 2, 2015, 12:43 a.m.
  • Length: 10:09
Show
View Real Time Build Order
Export as new Build Order

LindyHop Zerg 

Build Orders: Hatch First 

Get SALT Encoding   

  12  0:01  Drone  
  13  0:13  Drone  
  14  0:37  Hatchery  
  13  0:46  Drone  
  14  0:58  Spawning Pool  
  14  1:00  Drone  
  14  1:04  Extractor  
  14  1:11  Overlord  
  13  1:17  Drone  
  14  1:29  Drone x2  
  16  1:36  Drone  
  17  1:45  Queen  
  19  1:54  Zergling x2  
  19  1:58  Queen  
  22  2:21  Spine Crawler  
  21  2:23  Drone  
  21  2:27  Metabolic Boost  
  21  2:29  Evolution Chamber  
  22  2:43  Roach Warren  
  21  2:50  Spine Crawler  
  20  2:59  Drone x3  
  20  3:00  Drone  
  24  3:14  Overlord  
  24  3:32  Zergling x4  
  24  3:33  Zergling x6  
  28  3:44  Roach x3  
  34  3:52  Baneling Nest  
  33  4:05  Roach  
  33  4:07  Overlord x2  
  34  4:37  Roach  
  34  4:38  Roach x3  
  40  4:45  Drone x5  
  45  4:59  Drone x4  
  47  5:24  Lair  
  47  5:27  Hatchery  
  46  5:34  Overlord  
  36  5:54  Drone x8  
  38  6:13  Extractor  
  38  6:14  Drone x4  
  38  6:15  Drone, Extractor  
  41  6:22  Zergling x2  
  41  6:25  Glial Reconstitution  
  42  6:28  Overlord  
  42  6:30  Roach x3  
  48  6:39  Extractor  
  47  6:51  Roach x2  
  47  6:52  Roach x3  
  57  7:01  Hatchery  
  56  7:09  Drone x2, Extractor  
  56  7:10  Drone x4, Extractor  
  60  7:19  Spire  
  60  7:21  Drone x2  
  60  7:22  Drone x2  
  64  7:37  Overlord, Zergling x6  
  64  7:38  Overlord  
  66  7:51  Zergling x6  
  69  7:54  Ravager x3  
  69  7:57  Zergling x4  
  69  7:58  Zergling x10  
  78  8:01  Ravager x3  
  81  8:09  Zergling x12  
  87  8:17  Overlord  
  87  8:30  Mutalisk  
  87  8:31  Mutalisk x3  
  87  8:32  Overlord  
  94  8:42  Drone x6  
  95  8:57  Mutalisk  
  95  8:58  Mutalisk x2  
  101  9:08  Drone x6  
  107  9:11  Extractor  
  107  9:12  Extractor  
  105  9:23  Overlord x3  
  100  9:38  Overlord x3  
  93  9:40  Overlord x3  
Show
View Real Time Build Order
Export as new Build Order

Yui Terran - Winner!

Build Orders: MMM Bio 

Get SALT Encoding   

  12  0:01  SCV  
  13  0:13  SCV  
  14  0:17  Supply Depot  
  14  0:25  SCV  
  15  0:39  SCV  
  15  0:41  Barracks  
  16  0:47  Refinery  
  16  0:51  SCV  
  17  1:01  Barracks  
  17  1:04  SCV  
  18  1:16  SCV  
  19  1:30  Orbital Command  
  19  1:31  Reaper  
  20  1:42  Supply Depot  
  20  1:49  Reaper  
  21  1:56  SCV  
  22  2:10  SCV  
  22  2:12  Reaper  
  22  2:14  Command Center  
  24  2:22  SCV  
  25  2:23  Refinery  
  25  2:34  SCV  
  26  2:46  SCV  
  27  2:52  Command Center  
  27  2:58  SCV  
  27  3:04  Barracks Tech Lab  
  28  3:06  Factory  
  28  3:10  SCV  
  29  3:12  Barracks Reactor  
  29  3:22  SCV  
  30  3:28  Bunker  
  30  3:31  Orbital Command  
  30  3:35  SCV  
  31  3:42  Barracks Tech Lab  
  31  3:47  SCV  
  32  3:50  Marine x2  
  34  3:59  SCV  
  34  4:00  Siege Tank  
  38  4:08  SCV  
  39  4:10  Orbital Command  
  39  4:11  SCV  
  39  4:13  Marine x2  
  42  4:18  Marine  
  42  4:20  SCV  
  44  4:30  SCV  
  45  4:34  SCV, Marine  
  45  4:35  Marine  
  48  4:40  Marine  
  48  4:42  SCV, Siege Tank  
  48  4:43  Orbital Command  
  53  4:48  SCV  
  53  4:55  Marine  
  53  4:59  SCV  
  55  5:01  Marine  
  55  5:03  Stimpack, Marine  
  57  5:08  Engineering Bay  
  57  5:11  SCV  
  57  5:12  Engineering Bay  
  57  5:13  Marine  
  59  5:18  SCV  
  60  5:26  Supply Depot  
  60  5:28  Supply Depot  
  60  5:29  Marine  
  60  5:31  Marauder  
  60  5:35  SCV  
  64  5:38  Refinery, Barracks  
  64  5:40  Factory Reactor  
  64  5:41  Refinery  
  64  5:42  SCV  
  59  5:56  Supply Depot  
  59  5:57  Marine x3  
  59  5:58  SCV, Supply Depot  
  59  5:59  Terran Infantry Weapons Level 1, Terran Infantry Armor Level 1  
  59  6:02  Starport  
  59  6:03  SCV  
  64  6:07  SCV  
  64  6:10  SCV  
  66  6:14  Marine  
  66  6:15  SCV, Marine  
  69  6:21  SCV  
  69  6:22  SCV  
  72  6:27  SCV  
  72  6:28  Factory Reactor  
  73  6:35  SCV  
  73  6:36  Barracks  
  73  6:39  Marine  
  74  6:41  SCV, Barracks  
  74  6:42  Barracks Reactor  
  74  6:44  SCV, Barracks  
  74  6:45  Medivac x2  
  80  6:47  Marine x2  
  80  6:50  SCV  
  80  6:54  SCV  
  84  6:55  Supply Depot  
  84  6:56  SCV  
  84  6:57  Supply Depot, Marine  
  86  7:02  SCV  
  86  7:03  Armory  
  86  7:05  Marine  
  86  7:06  Marine  
  89  7:13  SCV, Barracks  
  89  7:14  SCV, Marine  
  92  7:18  SCV, Barracks  
  92  7:20  Marine  
  92  7:21  Barracks, Medivac x2  
  98  7:22  Combat Shields, Marine  
  98  7:25  SCV, Factory Reactor, Marine  
  98  7:26  Marine  
  102  7:30  Supply Depot  
  102  7:32  Marine  
  102  7:35  Marine  
  106  7:38  Barracks Reactor, Marine  
  106  7:40  Marine  
  106  7:42  Supply Depot, Barracks Tech Lab  
  106  7:47  Supply Depot x2, Marine x2  
  106  7:50  Marine  
  109  7:53  Marine  
  109  7:55  Medivac x2  
  109  7:56  Marine  
  109  7:58  Marine  
  115  8:05  Marine  
  116  8:07  Marine x2  
  116  8:11  Barracks Reactor  
  119  8:13  Barracks Reactor, Marine  
  119  8:15  Marauder x3  
  119  8:16  Hellbat  
  119  8:17  Hellbat  
  130  8:26  Marine  
  130  8:27  Marine x2  
  130  8:28  Concussive Shells  
  130  8:30  Supply Depot  
  130  8:32  Supply Depot, Marine x3  
  136  8:36  Command Center, Marauder  
  136  8:37  Marine x3  
  136  8:38  Medivac  
  139  8:56  Marine  
  140  9:02  Marine  
  140  9:03  Marine x6  
  140  9:04  Marauder x3  
  140  9:05  Hellbat x2  
  140  9:09  Supply Depot  
  157  9:10  Supply Depot, Marine x2  
  157  9:14  Marine  
  160  9:25  Marauder x2  
  157  9:36  Marine  
  157  9:37  Marauder  
  150  9:39  Marine x6  
  150  9:40  Marine x2  
  150  9:41  Hellbat x2  
Tags
 
Add a new tag
Caveats
  • Supply blocks, unpowered buildings, or Contaminate may cause inaccurate times.
  • Supply counts are checked every 10 seconds.